[Event "EYCC Open U10 2021"]
[Site "Tornelo"]
[Date "2021.10.15"]
[Round "6.5"]
[White "Oikonomopoulos, Filippos"]
[Black "Karimli, Yusif"]
[Result "1-0"]
[ECO "D35"]
[WhiteElo "1650"]
[BlackElo "1571"]
[Annotator "NA RC"]
[PlyCount "75"]
[EventDate "2021.10.15"]
[EventType "swiss"]
[EventCountry "NET"]
[SourceTitle "playchess.com"]
[Source "ChessBase"]
[SourceQuality "1"]
[TimeControl "5400+30"]

1. d4 d5 2. c4 e6 3. Nc3 Nf6 4. cxd5 exd5 5. Bg5 Be7 6. e3 O-O 7. Bd3 c6 8. Nge2 Be6 9. Nf4 Nbd7 10. O-O Rc8 11. Rc1 c5 12. Bb1 Re8 13. Qd3 Nf8 14. dxc5 Rxc5 15. Rfd1 Qd6 16. Bxf6 Bxf6 17. Ne4 Qb6 18. Nxc5 Rd8 19. Qb3 Qxb3 20. Nxb3 Bxb2 21. Rc7 Rb8 22. Nxd5 Be5 23. Rc5 Kh8 24. Nc7 Bf6 25. Nxe6 Nxe6 26. Rc4 g6 27. Nc5 Rc8 28. Rdc1 Re8 29. Nxe6 Rxe6 30. Rc7 Kg7 31. a4 Rb6 32. Ba2 Be5 33. Rxf7+ Kh6 34. f4 Bd6 35. g4 Rb2 36. h3 g5 37. Rf6+ Kg7 38. Rxd6 1-0

[Event "EYCC Open U10 2021"]
[Site "Tornelo"]
[Date "2021.10.15"]
[Round "6.6"]
[White "Demchenko, Maksim Dm"]
[Black "Surikov, Alexey"]
[Result "1/2-1/2"]
[ECO "B36"]
[WhiteElo "1615"]
[BlackElo "1548"]
[Annotator "NA RC"]
[PlyCount "76"]
[EventDate "2021.10.15"]
[EventType "swiss"]
[EventCountry "NET"]
[SourceTitle "playchess.com"]
[Source "ChessBase"]
[SourceQuality "1"]
[TimeControl "5400+30"]

1. e4 c5 2. Nf3 g6 3. d4 cxd4 4. Nxd4 Nc6 5. c4 Nf6 6. Nc3 Nxd4 7. Qxd4 d6 8. Be3 Bg7 9. f3 O-O 10. Qd2 a5 11. Be2 a4 12. O-O Qa5 13. Rac1 Be6 14. Rfd1 Rfc8 15. Nb5 Qxd2 16. Rxd2 d5 17. e5 Ne8 18. f4 dxc4 19. Na7 Rd8 20. Rxd8 Rxd8 21. Bxc4 Bf5 22. Nb5 Kf8 23. Nd4 Be4 24. g3 Bd5 25. Bxd5 Rxd5 26. Rc8 Bh6 27. Rb8 Rxe5 28. Kf2 Rh5 29. h4 e5 30. fxe5 Bxe3+ 31. Kxe3 Rxe5+ 32. Kd3 Re7 33. Ra8 Kg7 34. Rxa4 Nf6 35. Rc4 Ne4 36. Ne6+ Rxe6 37. Rxe4 Rd6+ 38. Rd4 Rf6 1/2-1/2

[Event "EYCC Open U10 2021"]
[Site "Tornelo"]
[Date "2021.10.15"]
[Round "6.8"]
[White "Ochedzan, Filip"]
[Black "Kviriashvili, Andria"]
[Result "1-0"]
[ECO "C11"]
[WhiteElo "1696"]
[BlackElo "1406"]
[Annotator "NA RC"]
[PlyCount "131"]
[EventDate "2021.10.15"]
[EventType "swiss"]
[EventCountry "NET"]
[SourceTitle "playchess.com"]
[Source "ChessBase"]
[SourceQuality "1"]
[TimeControl "5400+30"]

1. e4 e6 2. d4 d5 3. Nc3 Nf6 4. e5 Nfd7 5. f4 c5 6. Nf3 Nc6 7. Be3 a6 8. a3 b5 9. dxc5 Bxc5 10. Bxc5 Nxc5 11. b4 Nd7 12. Bd3 Qb6 13. Qd2 Bb7 14. Qf2 Rc8 15. Qxb6 Nxb6 16. Ne2 Nc4 17. Ned4 Nxd4 18. Nxd4 Ke7 19. O-O g6 20. Rfb1 Nb6 21. h3 h5 22. Kf2 Na4 23. Ke3 Rc7 24. g3 Rg8 25. Rb3 f6 26. exf6+ Kxf6 27. Nf3 Nb6 28. Re1 Rgc8 29. Kf2 Nd7 30. Rbb1 Rc3 31. Ra1 Nf8 32. Re3 Bc6 33. Nd4 Be8 34. g4 R8c7 35. g5+ Kf7 36. h4 Rc8 37. Nb3 R3c6 38. Rae1 Rd6 39. Nd4 Rb6 40. f5 gxf5 41. Bxf5 Bd7 42. Bd3 Re8 43. Nf3 Kg7 44. Ne5 Re7 45. Rf3 Be8 46. Rf6 Nd7 47. Nxd7 Bxd7 48. Rh6 Be8 49. Ke3 Kg8 50. Rf1 Rf7 51. Rxf7 Bxf7 52. g6 Be8 53. Rxh5 Rb7 54. Re5 Re7 55. h5 Kg7 56. Kd4 Kf6 57. Re1 Rc7 58. Rf1+ Kg7 59. Ke5 Kh6 60. Rf8 Bxg6 61. hxg6 Kg7 62. Ra8 Rc6 63. Ra7+ Kg8 64. Re7 Rc3 65. Kf6 Rc8 66. Kxe6 1-0

[Event "EYCC Open U10 2021"]
[Site "Tornelo"]
[Date "2021.10.15"]
[Round "6.9"]
[White "Dumbelovic, Novak"]
[Black "Williams, Oscar"]
[Result "1-0"]
[ECO "B67"]
[WhiteElo "1688"]
[BlackElo "1405"]
[Annotator "NA RC"]
[PlyCount "87"]
[EventDate "2021.10.15"]
[EventType "swiss"]
[EventCountry "NET"]
[SourceTitle "playchess.com"]
[Source "ChessBase"]
[SourceQuality "1"]
[TimeControl "5400+30"]

1. e4 c5 2. Nf3 d6 3. d4 cxd4 4. Nxd4 Nf6 5. Nc3 Nc6 6. Bg5 e6 7. Qd2 a6 8. O-O-O Bd7 9. f4 Qc7 10. Nxc6 Bxc6 11. Bd3 b5 12. Rhe1 Rc8 13. Bxf6 gxf6 14. Nd5 Qd8 15. g4 Bg7 16. h4 Kf8 17. Ne3 h5 18. Rg1 hxg4 19. Rxg4 f5 20. Rxg7 Kxg7 21. exf5 e5 22. fxe5 dxe5 23. Qh2 Qc7 24. Rg1+ Kf8 25. Qg3 f6 26. Qf2 Qa7 27. Rg6 Kf7 28. Rxf6+ Ke8 29. Re6+ Kd7 30. Re7+ Kxe7 31. Nd5+ Bxd5 32. Qxa7+ Kd6 33. Qxa6+ Rc6 34. Qxb5 e4 35. Qb4+ Ke5 36. Bb5 Rc7 37. Qa3 Rxh4 38. Qg3+ Rf4 39. Kd2 Kxf5 40. Qh3+ Kg5 41. Be2 e3+ 42. Qxe3 Rd7 43. Qg3+ Kf5 44. Qh3+ 1-0

[Event "EYCC Open U10 2021"]
[Site "Tornelo"]
[Date "2021.10.15"]
[Round "6.10"]
[White "Fester, Harel"]
[Black "Karpenko, Anton"]
[Result "1/2-1/2"]
[ECO "B23"]
[WhiteElo "1480"]
[BlackElo "1634"]
[Annotator "NA RC"]
[PlyCount "171"]
[EventDate "2021.10.15"]
[EventType "swiss"]
[EventCountry "NET"]
[SourceTitle "playchess.com"]
[Source "ChessBase"]
[SourceQuality "1"]
[TimeControl "5400+30"]

1. e4 c5 2. Nc3 g6 3. f4 Bg7 4. Nf3 Nc6 5. Bb5 Nd4 6. Nxd4 cxd4 7. Ne2 a6 8. Bd3 e6 9. O-O d5 10. e5 Qb6 11. Kh1 Ne7 12. c3 dxc3 13. bxc3 f6 14. Rb1 Qc7 15. exf6 Bxf6 16. Bc2 O-O 17. d4 Bd7 18. Ba3 Rf7 19. Qd2 Nc6 20. Bc5 Na5 21. Bd3 b5 22. Qc2 Be7 23. Bxe7 Rxe7 24. Rf3 Nc4 25. Rb3 Rf8 26. Rg3 Bc8 27. h4 Rg7 28. h5 gxh5 29. Bxh7+ Kh8 30. Bg6 Rf6 31. Rg5 h4 32. Qd3 Qe7 33. Rg4 Kg8 34. Rb1 Bd7 35. Re1 Be8 36. f5 exf5 37. Bxf5 Rxg4 38. Bxg4 Bg6 39. Qh3 Be4 40. Bf3 Bxf3 41. gxf3 Rg6 42. Qf5 Rg3 43. Qxd5+ Kg7 44. Qe4 Qxe4 45. fxe4 Re3 46. e5 Nd2 47. Rg1+ Kf7 48. Nf4 Re4 49. Rg4 Nb1 50. e6+ Rxe6 51. Nxe6 Kxe6 52. Rxh4 Nxc3 53. Kg2 Kd5 54. Kf3 Nxa2 55. Ke3 Nb4 56. Rh5+ Kc6 57. Ke4 a5 58. Rh6+ Kc7 59. Ke5 a4 60. Rh3 Nc6+ 61. Kd5 Na5 62. Rc3+ Kb6 63. Ke6 b4 64. Rc1 b3 65. d5 b2 66. Rb1 a3 67. d6 Nb7 68. Kd5 Kb5 69. d7 Nd8 70. Kd6 Kb4 71. Kc7 Nf7 72. Rf1 a2 73. Rxf7 a1=Q 74. d8=Q Qa7+ 75. Kd6 Qxf7 76. Qb6+ Kc3 77. Qe3+ Kc2 78. Qe2+ Kc3 79. Qe3+ Kb4 80. Qb6+ Ka3 81. Qa5+ Kb3 82. Qb6+ Ka2 83. Qa5+ Kb1 84. Qe1+ Kc2 85. Qe2+ Kc3 86. Qe3+ 1/2-1/2

[Event "EYCC Open U10 2021"]
[Site "Tornelo"]
[Date "2021.10.15"]
[Round "6.11"]
[White "Cankurt, Arda"]
[Black "Buchinger, Alexis"]
[Result "1-0"]
[ECO "E01"]
[WhiteElo "1356"]
[BlackElo "1614"]
[Annotator "NA RC"]
[PlyCount "147"]
[EventDate "2021.10.15"]
[EventType "swiss"]
[EventCountry "NET"]
[SourceTitle "playchess.com"]
[Source "ChessBase"]
[SourceQuality "1"]
[TimeControl "5400+30"]

1. d4 d5 2. c4 e6 3. Nf3 Nf6 4. g3 c6 5. Bg2 Bb4+ 6. Nbd2 O-O 7. O-O Nbd7 8. Qc2 Re8 9. a3 Bd6 10. e4 dxe4 11. Nxe4 Nxe4 12. Qxe4 e5 13. dxe5 Nxe5 14. Ng5 Ng6 15. Qd3 Bg4 16. Be3 Qe7 17. h3 Be2 18. Qxe2 Qxg5 19. Qd2 Qe7 20. Rfe1 Qc7 21. c5 Be5 22. f4 Rad8 23. Qc2 Bf6 24. Kh2 Re7 25. Re2 Rde8 26. Rae1 h5 27. h4 Nxh4 28. Bh1 Ng6 29. Bf2 Rxe2 30. Rxe2 Rxe2 31. Qxe2 Qe7 32. Qc2 h4 33. Be4 Nf8 34. b4 hxg3+ 35. Bxg3 Ne6 36. Qd3 Bh4 37. Bh7+ Kh8 38. Be4 Bxg3+ 39. Qxg3 Qc7 40. f5 Qxg3+ 41. Kxg3 Nf8 42. b5 Nd7 43. bxc6 bxc6 44. Bxc6 Nxc5 45. Kf4 f6 46. Ke3 Kh7 47. Kd4 Nb3+ 48. Kc3 Nc5 49. Kc4 Na6 50. Be4 Kh6 51. Kd5 Kg5 52. Kc6 Kf4 53. Bd3 Nb8+ 54. Kc7 Na6+ 55. Bxa6 Kxf5 56. Kb7 g5 57. Kxa7 Ke5 58. a4 f5 59. a5 g4 60. Kb6 f4 61. Bc8 g3 62. Bb7 Kd4 63. a6 Ke3 64. a7 f3 65. Bxf3 Kxf3 66. a8=Q+ Kf2 67. Qf8+ Kg1 68. Kc5 g2 69. Kd4 Kh2 70. Qf4+ Kh3 71. Qf2 Kh2 72. Qh4+ Kg1 73. Ke3 Kf1 74. Qf2# 1-0

[Event "EYCC Open U10 2021"]
[Site "Tornelo"]
[Date "2021.10.15"]
[Round "6.12"]
[White "Zecha, Oscar"]
[Black "Ekmekcioglu, Gokdeniz"]
[Result "1-0"]
[ECO "E01"]
[WhiteElo "1612"]
[BlackElo "1463"]
[Annotator "NA RC"]
[PlyCount "79"]
[EventDate "2021.10.15"]
[EventType "swiss"]
[EventCountry "NET"]
[SourceTitle "playchess.com"]
[Source "ChessBase"]
[SourceQuality "1"]
[TimeControl "5400+30"]

1. d4 Nf6 2. c4 e6 3. Nf3 d5 4. g3 c6 5. Bg2 Bd6 6. O-O O-O 7. Nc3 Nbd7 8. Re1 dxc4 9. a4 Nd5 10. Bd2 Rb8 11. e4 Nxc3 12. Bxc3 b5 13. axb5 cxb5 14. Rxa7 Qb6 15. Ra1 b4 16. Bd2 Ba6 17. Be3 Qb5 18. b3 Nb6 19. Nd2 c3 20. Bf1 cxd2 21. Qxd2 Qc6 22. Rxa6 Qxe4 23. d5 Nxd5 24. Rxd6 Nxe3 25. Qxe3 Qc2 26. Bd3 Qa2 27. Ra6 Qb2 28. Ra7 g6 29. Bc4 Qf6 30. Qe5 Qd8 31. Qc7 Qd2 32. Rxe6 Rbc8 33. Qe5 Qc1+ 34. Kg2 Rxc4 35. bxc4 Qxc4 36. Rb6 b3 37. Rab7 b2 38. Rb8 b1=Q 39. Rxb1 Qc6+ 40. Kg1 1-0

[Event "EYCC Open U10 2021"]
[Site "Tornelo"]
[Date "2021.10.15"]
[Round "7.1"]
[White "Negrean, Andrei"]
[Black "Temirbekov, Taimaz"]
[Result "1-0"]
[ECO "B52"]
[WhiteElo "1847"]
[BlackElo "1573"]
[Annotator "NA RC"]
[PlyCount "63"]
[EventDate "2021.10.15"]
[EventType "swiss"]
[EventCountry "NET"]
[SourceTitle "playchess.com"]
[Source "ChessBase"]
[SourceQuality "1"]
[TimeControl "5400+30"]

1. e4 c5 2. Nf3 d6 3. Bb5+ Bd7 4. Bxd7+ Qxd7 5. O-O Nf6 6. e5 dxe5 7. Nxe5 Qc7 8. d4 cxd4 9. Qxd4 Nc6 10. Nxc6 Qxc6 11. Bg5 Ne4 12. Be3 e6 13. c4 Be7 14. Nc3 Nxc3 15. Qxc3 O-O 16. Rfd1 a5 17. Rd3 Rfc8 18. c5 Bxc5 19. Bxc5 Qxc5 20. Rd8+ Qf8 21. Rxf8+ Kxf8 22. Qb3 Rab8 23. Qa3+ Kg8 24. Qxa5 Ra8 25. Qd2 Rd8 26. Qe2 g6 27. g3 Rd5 28. a4 h5 29. Rd1 Rad8 30. Rxd5 Rxd5 31. b4 Kg7 32. a5 1-0

[Event "EYCC Open U10 2021"]
[Site "Tornelo"]
[Date "2021.10.15"]
[Round "7.2"]
[White "Oikonomopoulos, Filippos"]
[Black "Petukhov, Dmitriy"]
[Result "1/2-1/2"]
[ECO "D02"]
[WhiteElo "1650"]
[BlackElo "1769"]
[Annotator "NA RC"]
[PlyCount "141"]
[EventDate "2021.10.15"]
[EventType "swiss"]
[EventCountry "NET"]
[SourceTitle "playchess.com"]
[Source "ChessBase"]
[SourceQuality "1"]
[TimeControl "5400+30"]

1. d4 d5 2. Bf4 Nf6 3. e3 c5 4. c3 e6 5. Nd2 Nc6 6. Ngf3 Bd6 7. Bg3 Bxg3 8. hxg3 Qe7 9. Ne5 cxd4 10. exd4 Nxe5 11. dxe5 Nd7 12. Nf3 f6 13. Qd4 f5 14. Bd3 Nc5 15. O-O O-O 16. Qe3 Bd7 17. Rfd1 Be8 18. c4 Bc6 19. Rac1 Rac8 20. Bb1 dxc4 21. Rxc4 Bd5 22. Rcc1 b6 23. Nd4 g6 24. Nb5 Rfd8 25. Nd6 Rc7 26. b4 Nb7 27. Rxc7 Qxc7 28. Rc1 Qd7 29. Nxb7 Qxb7 30. f3 Rc8 31. Rc3 Qa6 32. a3 Rc4 33. Qe2 b5 34. Rxc4 bxc4 35. Qe3 Qa4 36. Qg5 Qd1+ 37. Kh2 Bc6 38. Qe7 Qd5 39. Ba2 a6 40. Qd6 Bb5 41. Qb8+ Kg7 42. Qc7+ Kh6 43. a4 Bc6 44. Qb6 Bxa4 45. Qxa6 Bb3 46. Qa3 Qxe5 47. Qc1+ g5 48. Bxb3 cxb3 49. Qc4 Qd5 50. Qc3 Kg6 51. f4 gxf4 52. gxf4 Qd1 53. Qe3 Qd5 54. Qc3 Qe4 55. Qxb3 Qxf4+ 56. Qg3+ Qxg3+ 57. Kxg3 Kf6 58. b5 Ke5 59. b6 Kd6 60. Kf4 h5 61. g3 Kc6 62. Ke5 Kxb6 63. Kxe6 f4 64. gxf4 h4 65. f5 h3 66. f6 h2 67. f7 h1=Q 68. f8=Q Qe1+ 69. Kf7 Qf2+ 70. Kg8 Qxf8+ 71. Kxf8 1/2-1/2

[Event "EYCC Open U10 2021"]
[Site "Tornelo"]
[Date "2021.10.15"]
[Round "7.5"]
[White "Surikov, Alexey"]
[Black "Ochedzan, Filip"]
[Result "1-0"]
[ECO "E04"]
[WhiteElo "1548"]
[BlackElo "1696"]
[Annotator "NA RC"]
[PlyCount "85"]
[EventDate "2021.10.15"]
[EventType "swiss"]
[EventCountry "NET"]
[SourceTitle "playchess.com"]
[Source "ChessBase"]
[SourceQuality "1"]
[TimeControl "5400+30"]

1. d4 d5 2. Nf3 Nf6 3. c4 dxc4 4. g3 e6 5. Bg2 Bd6 6. O-O O-O 7. Qc2 Nc6 8. Qxc4 Qe7 9. Nc3 e5 10. Bg5 Kh8 11. d5 Nb8 12. Ne4 Bf5 13. Bxf6 gxf6 14. Nh4 Bg6 15. Bh3 Na6 16. Nf5 Bxf5 17. Bxf5 Rg8 18. Qc1 Nc5 19. Qh6 Rg6 20. Bxg6 fxg6 21. f3 Rf8 22. h4 Qf7 23. Nxd6 cxd6 24. e4 Rg8 25. b4 Na6 26. a3 Nc7 27. a4 Na6 28. Rab1 Qd7 29. h5 Qh3 30. Rf2 Qxg3+ 31. Rg2 Qh4 32. Rf1 Nxb4 33. Rh2 Qg3+ 34. Kh1 gxh5 35. Qxf6+ Rg7 36. Rc1 Nc6 37. dxc6 bxc6 38. Rb1 h6 39. Rb8+ Kh7 40. Qf5+ Rg6 41. Rb7+ Kg8 42. Qf7+ Kh8 43. Qh7# 1-0

[Event "EYCC Open U10 2021"]
[Site "Tornelo"]
[Date "2021.10.15"]
[Round "7.6"]
[White "Diachek, Andriy"]
[Black "Cankurt, Arda"]
[Result "0-1"]
[ECO "B22"]
[WhiteElo "1689"]
[BlackElo "1356"]
[Annotator "NA RC"]
[PlyCount "130"]
[EventDate "2021.10.15"]
[EventType "swiss"]
[EventCountry "NET"]
[SourceTitle "playchess.com"]
[Source "ChessBase"]
[SourceQuality "1"]
[TimeControl "5400+30"]

1. e4 c5 2. Nf3 e6 3. c3 Nc6 4. d4 d5 5. exd5 exd5 6. Bb5 Bd6 7. dxc5 Bxc5 8. O-O Nge7 9. Bf4 O-O 10. Nbd2 Bg4 11. Bd3 Ng6 12. Bg3 f5 13. h3 f4 14. Bh2 Bf5 15. Nb3 Bxd3 16. Qxd3 Nge5 17. Nxe5 Nxe5 18. Qe2 Qg5 19. Qd1 f3 20. Qxd5+ Kh8 21. g4 Rf5 22. Bxe5 Rxe5 23. Qxf3 Rf8 24. Qg2 Re2 25. Nxc5 Qxc5 26. Rab1 b5 27. a3 h6 28. Qg3 Rc2 29. Qe3 Qxe3 30. fxe3 Rd8 31. Rf2 Rdd2 32. Rxd2 Rxd2 33. a4 a6 34. axb5 axb5 35. Re1 Rxb2 36. e4 Kg8 37. e5 Kf8 38. Kf1 Rh2 39. Re3 Ke7 40. Kg1 Rc2 41. h4 Rb2 42. Re4 Rb3 43. g5 Rxc3 44. gxh6 gxh6 45. Kf2 Ke6 46. Ke1 Rc5 47. Kd2 Rxe5 48. Rf4 Rf5 49. Rg4 h5 50. Rb4 Rc5 51. Kd3 Ke5 52. Re4+ Kf5 53. Rb4 Rd5+ 54. Ke3 Ke5 55. Rb1 Rc5 56. Rb4 Kd5 57. Rd4+ Kc6 58. Kd3 Rd5 59. Rxd5 Kxd5 60. Kc3 Ke4 61. Kb4 Kf4 62. Kxb5 Kg4 63. Kc4 Kxh4 64. Kd3 Kg3 65. Ke2 Kg2 0-1

[Event "EYCC Open U10 2021"]
[Site "Tornelo"]
[Date "2021.10.15"]
[Round "7.7"]
[White "Kengurov, Yaroslav"]
[Black "Dumbelovic, Novak"]
[Result "1-0"]
[ECO "E62"]
[WhiteElo "1484"]
[BlackElo "1688"]
[Annotator "NA RC"]
[PlyCount "109"]
[EventDate "2021.10.15"]
[EventType "swiss"]
[EventCountry "NET"]
[SourceTitle "playchess.com"]
[Source "ChessBase"]
[SourceQuality "1"]
[TimeControl "5400+30"]

1. d4 Nf6 2. c4 g6 3. Nf3 Bg7 4. g3 O-O 5. Bg2 d6 6. O-O Nbd7 7. Nc3 e5 8. dxe5 Nxe5 9. Nxe5 dxe5 10. Qxd8 Rxd8 11. Bg5 Re8 12. Nb5 Re7 13. Rfd1 Be6 14. Bxb7 Rb8 15. Bg2 Bxc4 16. Nxa7 Rd7 17. Rxd7 Nxd7 18. b3 Bxe2 19. Nc6 Rb6 20. Ne7+ Kf8 21. Nd5 Rc6 22. a4 e4 23. Re1 Bd3 24. a5 Nc5 25. Be7+ Ke8 26. Nb4 Kxe7 27. Nxc6+ Kd7 28. Nb4 Bc3 29. a6 Nxa6 30. Rd1 Bxb4 31. Bxe4 Bd6 32. Bxd3 Nc5 33. Bb5+ Ke7 34. Re1+ Kf6 35. b4 Ne6 36. Re4 Ng5 37. Rc4 Nf3+ 38. Kg2 Ne5 39. Rd4 Ke6 40. Ba4 c5 41. Bb3+ Ke7 42. Re4 Kf6 43. bxc5 Bxc5 44. Ra4 Be7 45. Ra6+ Kg7 46. Ra7 Kf6 47. f4 Nd3 48. Kf3 h6 49. g4 g5 50. fxg5+ hxg5 51. h4 Bc5 52. Rxf7+ Kg6 53. h5+ Kh6 54. Rf6+ Kh7 55. Bc2 1-0

[Event "EYCC Open U10 2021"]
[Site "Tornelo"]
[Date "2021.10.15"]
[Round "7.8"]
[White "Gabadadze, Gabriel"]
[Black "Demchenko, Maksim Dm"]
[Result "1/2-1/2"]
[ECO "D20"]
[WhiteElo "1407"]
[BlackElo "1615"]
[Annotator "NA RC"]
[PlyCount "133"]
[EventDate "2021.10.15"]
[EventType "swiss"]
[EventCountry "NET"]
[SourceTitle "playchess.com"]
[Source "ChessBase"]
[SourceQuality "1"]
[TimeControl "5400+30"]

1. e4 e6 2. c4 d5 3. exd5 exd5 4. cxd5 Qxd5 5. Nc3 Qd8 6. Bc4 Bd6 7. Nf3 Nf6 8. O-O O-O 9. d4 h6 10. h3 c6 11. Be3 Bf5 12. Rc1 Nbd7 13. d5 c5 14. Bd3 Bxd3 15. Qxd3 a6 16. a4 Rc8 17. b3 Re8 18. Rfd1 Qc7 19. Qc4 Re7 20. Nh4 Ne5 21. Qe2 Qd7 22. Nf3 Ng6 23. Qc4 Qf5 24. Qd3 Qxd3 25. Rxd3 c4 26. Nb1 Rec7 27. bxc4 Rxc4 28. Rxc4 Rxc4 29. Rd4 Rxd4 30. Bxd4 Nxd5 31. Nc3 Nxc3 32. Bxc3 Nf4 33. Kf1 g6 34. h4 Kf8 35. g3 Nd5 36. Bd2 h5 37. Ke2 Ke7 38. Kd3 Bc5 39. Nd4 Kd6 40. Bh6 Bxd4 41. Kxd4 f6 42. Bd2 b5 43. axb5 axb5 44. Bc1 Kc6 45. Bb2 Nc7 46. Kd3 Ne8 47. Kd4 Nd6 48. Ba3 Nc4 49. Bb4 Ne5 50. Be7 Ng4 51. f3 Ne5 52. Bxf6 Nxf3+ 53. Ke3 Nh2 54. Kf4 Kd5 55. Kg5 Nf1 56. Kxg6 Nxg3 57. Bb2 b4 58. Kg5 Ke4 59. Ba1 b3 60. Bb2 Kd3 61. Ba1 Kc2 62. Kf4 Ne2+ 63. Kg5 Kb1 64. Be5 Kc2 65. Ba1 Ng3 66. Kf4 Ne2+ 67. Kg5 1/2-1/2

[Event "EYCC Open U10 2021"]
[Site "Tornelo"]
[Date "2021.10.15"]
[Round "7.9"]
[White "Feher, Botond"]
[Black "Kozlov, Kirill Dm."]
[Result "1-0"]
[ECO "B84"]
[WhiteElo "1644"]
[BlackElo "1228"]
[Annotator "NA RC"]
[PlyCount "105"]
[EventDate "2021.10.15"]
[EventType "swiss"]
[EventCountry "NET"]
[SourceTitle "playchess.com"]
[Source "ChessBase"]
[SourceQuality "1"]
[TimeControl "5400+30"]

1. e4 c5 2. Nf3 e6 3. d4 cxd4 4. Nxd4 a6 5. Nc3 Qc7 6. Be2 Nf6 7. O-O Be7 8. Be3 d6 9. f4 Nbd7 10. Kh1 b5 11. a3 Bb7 12. Bd3 O-O 13. Qf3 Rfd8 14. Rae1 Rac8 15. Bc1 Nb6 16. Qh3 h6 17. Rf3 Nc4 18. Rg3 h5 19. e5 dxe5 20. Nxe6 fxe6 21. Qxe6+ Kf8 22. fxe5 Nxe5 23. Rxe5 Bd6 24. Qxf6+ Kg8 25. Qe6+ Qf7 26. Bh7+ Kxh7 27. Qxf7 Bxe5 28. Qxh5+ Kg8 29. Qxe5 Rd7 30. Qe6+ Rf7 31. Rxg7+ Kxg7 32. Bh6+ Kh7 33. Qxf7+ Kxh6 34. Qxb7 Rf8 35. Qxa6+ Kh7 36. Qxb5 Rg8 37. Qh5+ Kg7 38. Qg5+ Kf7 39. Qxg8+ Kxg8 40. a4 Kf8 41. a5 Ke7 42. a6 Ke6 43. a7 Ke5 44. a8=Q Kd6 45. Qb7 Ke5 46. Qd5+ Kf6 47. Ne4+ Ke7 48. Qd6+ Kf7 49. Ng5+ Kg7 50. Qe6 Kh8 51. Qf6+ Kg8 52. Qf7+ Kh8 53. Qh7# 1-0

[Event "EYCC Open U10 2021"]
[Site "Tornelo"]
[Date "2021.10.15"]
[Round "7.11"]
[White "Golis, Wiktor"]
[Black "Nemitz, Alfred"]
[Result "1-0"]
[ECO "B07"]
[WhiteElo "1684"]
[BlackElo "1450"]
[Annotator "NA RC"]
[PlyCount "47"]
[EventDate "2021.10.15"]
[EventType "swiss"]
[EventCountry "NET"]
[SourceTitle "playchess.com"]
[Source "ChessBase"]
[SourceQuality "1"]
[TimeControl "5400+30"]

1. d4 d6 2. e4 Nf6 3. Nc3 Nbd7 4. g4 h6 5. h3 e5 6. Nge2 exd4 7. Qxd4 g6 8. g5 hxg5 9. Bxg5 Bg7 10. O-O-O Ne5 11. Bg2 Be6 12. f4 Nc6 13. Qa4 Bd7 14. Qb3 O-O 15. e5 dxe5 16. Bxc6 bxc6 17. fxe5 Rb8 18. Qa3 Re8 19. exf6 Bf8 20. Qa6 Re5 21. Qd3 Bd6 22. Bf4 Bf5 23. Qc4 Be6 24. Qxc6 1-0

[Event "EYCC Open U10 2021"]
[Site "Tornelo"]
[Date "2021.10.15"]
[Round "7.12"]
[White "Karpenko, Anton"]
[Black "Boldyrev, Maxim"]
[Result "1-0"]
[ECO "E62"]
[WhiteElo "1634"]
[BlackElo "1327"]
[Annotator "NA RC"]
[PlyCount "73"]
[EventDate "2021.10.15"]
[EventType "swiss"]
[EventCountry "NET"]
[SourceTitle "playchess.com"]
[Source "ChessBase"]
[SourceQuality "1"]
[TimeControl "5400+30"]

1. d4 Nf6 2. c4 g6 3. g3 Bg7 4. Bg2 O-O 5. Nc3 d6 6. Nf3 Nc6 7. O-O e5 8. dxe5 dxe5 9. Bg5 Be6 10. Qc1 Bxc4 11. Nd2 Ba6 12. Nde4 Nd4 13. Re1 c6 14. f4 exf4 15. gxf4 Ne6 16. Nxf6+ Bxf6 17. Bh6 Bg7 18. Bxg7 Kxg7 19. e3 Kg8 20. Ne4 f5 21. Nc5 Qb8 22. Nxe6 Rf6 23. Nc5 Qe8 24. Nxa6 bxa6 25. Qc4+ Kg7 26. Rad1 h6 27. e4 Rd8 28. e5 Re6 29. Rxd8 Qxd8 30. Qxe6 Qd4+ 31. Kh1 Qd2 32. Qf6+ Kh7 33. Rf1 Qxb2 34. Qf7+ Kh8 35. e6 Qxa2 36. Qf8+ Kh7 37. e7 1-0

[Event "EYCC Open U10 2021"]
[Site "Tornelo"]
[Date "2021.10.15"]
[Round "8.1"]
[White "Radzimski, Antoni"]
[Black "Negrean, Andrei"]
[Result "1/2-1/2"]
[ECO "B47"]
[WhiteElo "1584"]
[BlackElo "1847"]
[Annotator "NA"]
[PlyCount "77"]
[EventDate "2021.10.15"]
[EventType "swiss"]
[EventCountry "NET"]
[SourceTitle "playchess.com"]
[Source "ChessBase"]
[SourceQuality "1"]
[TimeControl "5400+30"]

1. e4 c5 2. Nf3 Nc6 3. d4 cxd4 4. Nxd4 Qc7 5. Nc3 e6 6. g3 a6 7. Bg2 Nf6 8. O-O Nxd4 9. Qxd4 Bc5 10. Bf4 d6 11. Qd2 h6 12. Rad1 e5 13. Be3 Bg4 14. f3 Be6 15. Bxc5 dxc5 16. Nd5 Bxd5 17. exd5 Qd6 18. c4 O-O 19. Rfe1 Nd7 20. b3 f5 21. Re2 b5 22. f4 e4 23. g4 g6 24. Rde1 bxc4 25. bxc4 Nb6 26. gxf5 gxf5 27. Re3 Qf6 28. Qe2 Kh7 29. Kh1 Rg8 30. Bh3 Raf8 31. Rb1 Nc8 32. Rg3 Nd6 33. Rb6 Rb8 34. Rxd6 Qxd6 35. Bxf5+ Kh8 36. Qxe4 Qf6 37. Rxg8+ Rxg8 38. Qe5 Rf8 39. Be6 1/2-1/2

[Event "EYCC Open U10 2021"]
[Site "Tornelo"]
[Date "2021.10.15"]
[Round "8.3"]
[White "Kengurov, Yaroslav"]
[Black "Oikonomopoulos, Filippos"]
[Result "1/2-1/2"]
[ECO "D34"]
[WhiteElo "1484"]
[BlackElo "1650"]
[Annotator "NA"]
[PlyCount "135"]
[EventDate "2021.10.15"]
[EventType "swiss"]
[EventCountry "NET"]
[SourceTitle "playchess.com"]
[Source "ChessBase"]
[SourceQuality "1"]
[TimeControl "5400+30"]

1. d4 d5 2. c4 e6 3. Nf3 c5 4. cxd5 exd5 5. g3 Nc6 6. Bg2 Nf6 7. O-O Be7 8. Nc3 O-O 9. Bg5 c4 10. Ne5 Be6 11. Nxc6 bxc6 12. b3 h6 13. Bxf6 Bxf6 14. Na4 Rb8 15. Nc5 Bg4 16. Qd2 Re8 17. e3 Rb5 18. Rac1 cxb3 19. Nxb3 Qb6 20. Qc3 Be2 21. Rfe1 Bc4 22. Bf1 Rb4 23. Bxc4 dxc4 24. Nd2 c5 25. Nxc4 Qa6 26. Ne5 Bxe5 27. dxe5 Rc8 28. Rc2 Ra4 29. Ree2 Qc6 30. Red2 c4 31. Rd6 Qc5 32. Rcd2 Ra3 33. Qc2 Qa5 34. Qf5 Rf8 35. R6d5 Qb4 36. R5d4 Rc3 37. e6 Rc1+ 38. Kg2 Qb7+ 39. Qe4 Qxe4+ 40. Rxe4 fxe6 41. Rxe6 c3 42. Rd7 Rc2 43. Ree7 Rcxf2+ 44. Kh3 R2f7 45. Rxf7 Rxf7 46. Rd8+ Rf8 47. Rd3 Rc8 48. Rd1 Kf7 49. Kg4 Ke6 50. Kf3 Ke5 51. Rc1 c2 52. Ke2 Ke4 53. a4 Rc3 54. Kd2 Rxe3 55. Rxc2 Ra3 56. Rc4+ Kf3 57. Rc7 Rxa4 58. Rxg7 a5 59. Rf7+ Kg4 60. Rg7+ Kh3 61. Rh7 Kxh2 62. Rxh6+ Kxg3 63. Kc3 Re4 64. Ra6 a4 65. Kb2 Kf4 66. Ka3 Ke5 67. Rxa4 Rxa4+ 68. Kxa4 1/2-1/2

[Event "EYCC Open U10 2021"]
[Site "Tornelo"]
[Date "2021.10.15"]
[Round "8.4"]
[White "Temirbekov, Taimaz"]
[Black "Surikov, Alexey"]
[Result "1-0"]
[ECO "B38"]
[WhiteElo "1573"]
[BlackElo "1548"]
[Annotator "NA"]
[PlyCount "59"]
[EventDate "2021.10.15"]
[EventType "swiss"]
[EventCountry "NET"]
[SourceTitle "playchess.com"]
[Source "ChessBase"]
[SourceQuality "1"]
[TimeControl "5400+30"]

1. e4 c5 2. Nf3 g6 3. d4 cxd4 4. Nxd4 Nc6 5. c4 Nf6 6. Nc3 d6 7. f3 Bg7 8. Be3 O-O 9. Qd2 Nxd4 10. Bxd4 Nd7 11. h4 h5 12. O-O-O Nf6 13. g4 hxg4 14. h5 e5 15. h6 Bh8 16. h7+ Nxh7 17. Qh2 Qg5+ 18. Be3 Qh5 19. Qg1 Bg7 20. Rxh5 gxh5 21. fxg4 Bxg4 22. Be2 Bxe2 23. Nxe2 Kh8 24. Qh1 Nf6 25. Bg5 Nh7 26. Qxh5 Kg8 27. Bh6 Nf6 28. Qg5 Ne8 29. Bxg7 Nxg7 30. Rg1 1-0